 Dungeon Crawl Stone Soup version 0.31-a0-37-g98a128e1d9 (webtiles) character file.

Game seed: 2442250646407372077

11615 IndexError the Skirmisher (level 11, -13/87 HPs)
             Began as a Gnoll Hunter on May 14, 2023.
             Was a High Priest of Okawaru.
             Mangled by a slime creature (15 damage)
             ... on level 12 of the Dungeon on May 15, 2023.
             The game lasted 00:16:58 (13721 turns).

IndexError the Skirmisher (Gnoll Hunter)           Turns: 13721, Time: 00:16:58

Health: -13/87     AC:  9    Str: 11    XL:     11   Next: 80%
Magic:  21/21      EV: 18    Int:  8    God:    Okawaru [*****.]
Gold:   455        SH:  0    Dex: 24    Spells: 23/23 levels left

rFire   + . .        u - +5 longbow (flame)
rCold   . . .        (shield currently unavailable)
rNeg    + + .        A - +2 leather armour {rN+}
rPois   +            R - +2 hat "Veskaz" {Dex+4}
rElec   +            a - scarf {rC+ rF+}
rCorr   .            (no gloves)
SInv    +            I - +0 pair of boots
Will    .....        n - amulet "Jurrahom" {RegenMP rElec rC- SInv}
Stlth   ++++         w - ring of positive energy {rN+}
HPRegen 0.34/turn    K - ring of poison resistance {rPois, !d}
MPRegen 0.57/turn

%: no passive effects
@: studying Fire Magic
A: fangs 1, strong nose, distributed training
a: Renounce Religion, Heroism, Finesse, Duel


You were on level 12 of the Dungeon.
You worshipped Okawaru.
Okawaru was extremely pleased with you.
You visited 1 branch of the dungeon, and saw 12 of its levels.
You also visited: Ossuary.

You collected 858 gold pieces.
You spent 403 gold pieces at shops.

Inventory:

Hand Weapons
 c - the +0 dire flail "Mekhir" {spect, SInv}
   (You took it off an ogre on level 5 of the Dungeon)

   SInv:      It lets you see invisible.
 u - a +5 longbow of flaming (weapon)
   (You bought it in a shop on level 7 of the Dungeon)
Missiles
 d - 4 curare-tipped darts
 g - 5 boomerangs
 k - 4 boomerangs of dispersal {=f}
 B - 5 atropa-tipped darts
 P - 3 silver javelins
Armour
 a - a scarf of resistance (worn)
   (You found it on level 7 of the Dungeon)
 A - a +2 leather armour of positive energy (worn)
   (You took it off Eustachio on level 5 of the Dungeon)
 I - a +0 pair of boots (worn)
   (You found it on level 8 of the Dungeon)
 M - a +2 cloak
   (You found it on level 9 of the Dungeon)
 R - the +2 hat "Veskaz" (worn) {Dex+4}
   (Okawaru gifted it to you on level 10 of the Dungeon)

   Dex:       It affects your dexterity (+4).
Jewellery
 n - the amulet "Jurrahom" (around neck) {RegenMP rElec rC- SInv}
   (You bought it in a shop on level 7 of the Dungeon)

   [amulet of magic regeneration]

   It increases your rate of magic regeneration.
   rC:        It makes you vulnerable to cold.
   rElec:     It insulates you from electricity.
   SInv:      It lets you see invisible.
 w - a ring of positive energy (left hand) {rN+}
   (You found it on level 4 of the Dungeon)
 F - a ring of positive energy {rN+}
   (You found it on level 8 of the Dungeon)
 K - a ring of poison resistance (right hand) {rPois, !d}
   (You found it on level 9 of the Dungeon)
 U - a ring of wizardry {Wiz+, !d}
   (You found it on level 11 of the Dungeon)
 V - an amulet of faith {Faith, !P}
   (You found it on level 11 of the Dungeon)
Wands
 o - a wand of mindburst (6)
   (You took it off an orc on level 3 of the Dungeon)
 y - a wand of flame (23)
   (You took it off Sigmund on level 5 of the Dungeon)
 C - a wand of paralysis (10)
   (You found it on level 6 of the Dungeon)
Scrolls
 b - 2 scrolls of immolation {!r}
 i - a scroll of identify
 p - a scroll of magic mapping {!r}
 q - a scroll of vulnerability {!r!r}
 r - 2 scrolls of teleportation
 x - 4 scrolls of fog
 z - 2 scrolls of amnesia {unknown}
 D - a scroll of poison
 G - a scroll of enchant armour {unknown}
 H - a scroll of enchant weapon
 N - 2 scrolls of silence
 O - a scroll of acquirement
 Q - 4 scrolls of noise {unknown}
 S - a scroll of blinking {!r}
 T - 2 scrolls of fear
Potions
 e - 2 potions of lignification {!q}
 f - 9 potions of curing
 h - 2 potions of flight
 j - 2 potions of attraction {!q}
 l - 2 potions of mutation {!q}
 m - 4 potions of brilliance
 s - 3 potions of heal wounds
 t - 3 potions of haste
 v - a potion of might
 E - a potion of cancellation
 J - a potion of berserk rage {!q}
 L - a potion of resistance
 W - 3 potions of ambrosia {unknown}


   Skills:
 + Level 8.3 Fighting
 + Level 6.9 Short Blades
 + Level 6.9 Long Blades
 + Level 6.9 Axes
 + Level 6.9 Maces & Flails
 + Level 6.9 Polearms
 + Level 6.9 Staves
 + Level 11.0 Ranged Weapons
 + Level 6.9 Throwing
 + Level 6.9 Armour
 + Level 8.3 Dodging
 + Level 7.3 Stealth
 + Level 6.9 Shields
 + Level 6.9 Unarmed Combat
 + Level 6.9 Spellcasting
 + Level 5.7 Conjurations
 + Level 5.7 Hexes
 + Level 5.7 Summonings
 + Level 5.7 Necromancy
 + Level 5.7 Translocations
 + Level 5.7 Transmutations
 + Level 7.3 Fire Magic
 + Level 5.7 Ice Magic
 + Level 5.7 Air Magic
 + Level 5.7 Earth Magic
 + Level 5.7 Poison Magic
 + Level 7.5 Invocations
 + Level 6.9 Evocations


You had 23 spell levels left.
You didn't know any spells.
Your spell library contained the following spells:

 Spells                   Type           Power      Damage    Failure   Level
 Necrotise                Necr           44%        1d6       2%          1
 Sandblast                Erth           22%        2d7       2%          1
 Cigotuvi's Dreadful Rot  Necr/Pois/Air  22%        N/A       4%          2
 Passwall                 Tmut/Erth      9%         N/A       4%          2
 Sublimation of Blood     Necr           11%        N/A       4%          2
 Inner Flame              Hex/Fire       13%        N/A       5%          3
 Ignite Poison            Fire/Tmut/Pois 12%        N/A       6%          3
 Confusing Touch          Hex            11%        N/A       8%          3
 Ozocubu's Armour         Ice            11%        N/A       8%          3
 Portal Projectile        Hex/Tloc       22%        N/A       8%          3
 Vampiric Draining        Necr           11%        2d6       8%          3
 Dispel Undead            Necr           11%        3d9       26%         4
 Leda's Liquefaction      Hex/Erth       5%         N/A       26%         4
 Petrify                  Tmut/Erth      11%        N/A       26%         4
 Agony                    Necr           11%        N/A       58%         5
 Freezing Cloud           Conj/Ice/Air   5%         6-21      58%         5
 Irradiate                Conj/Tmut      5%         3d13      58%         5
 Yara's Violent Unravell  Hex/Tmut       5%         3d4       58%         5
 Conjure Ball Lightning   Conj/Air       5%         3x3d6     99%         6
 Enfeeble                 Hex            5%         N/A       100%        7
 Ozocubu's Refrigeration  Ice            5%         4d8       100%        7
 Discord                  Hex            5%         N/A       100%        8
 Disjunction              Tloc           5%         N/A       100%        8
 Call Canine Familiar     Summ           Unusable   N/A       N/A         3
 Animate Armour           Summ/Erth      Unusable   N/A       N/A         4
 Death Channel            Necr           Unusable   N/A       N/A         6

Dungeon Overview and Level Annotations

Branches:
Dungeon (12/15)            Temple (0/1) D:6            Lair (0/5) D:8
    Orc (0/2) D:11        Ossuary (visited)

Altars:
Ashenzari
Dithmenos
Fedhas
Hepliaklqana
Nemelex Xobeh
Okawaru
Sif Muna
Trog
Uskayaw
Wu Jian
Xom
The Shining One

Shops:
D:7 *

Annotations:
D:7 3 runed translucent doors, artmatt's ghost, novice VSFi
D:10 2 transporters, Gilette's ghost, novice TrBe


Innate Abilities, Weirdness & Mutations

You have very sharp teeth.
Your uncanny sense of smell can sniff out nearby items.
Your experience applies equally to all skills.


Message History

You shoot an arrow. The arrow hits the slime creature!
The arrow burns the slime creature.
Okawaru accepts your kill.
Your Ranged Weapons skill increases to level 11!
You shoot an arrow. The arrow hits the slime creature.
The arrow burns the slime creature.
You shoot an arrow. The troll shouts!
The arrow hits the slime creature!!
The arrow burns the slime creature.
The manticore flicks its tail.
The volley of spikes misses you.
You shoot an arrow. The slime creature quivers.
The arrow hits the slime creature!
The arrow burns the slime creature.
You shoot an arrow. The arrow hits the slime creature.
The arrow burns the slime creature.
The boulder beetle curls into a ball and begins rolling!
The slime creature hits you!
Two slime creatures merge to form a large slime creature.
You take 7 damage, and have 80/87 hp.
The slime creature attacks as you move away!
The slime creature closely misses you.
You hear the faint crackling of a very distant melting archway.
The manticore flicks its tail.
The volley of spikes hits you but does no damage.
The boulder beetle attacks as you move away!
The boulder beetle hits you!
The boulder beetle stops rolling and uncurls.
The slime creature attacks as you move away!
The slime creature completely misses you.
The manticore flicks its tail.
The volley of spikes hits you!!
The barbed spikes become lodged in your body.
You hear a shout!
You see here 21 gold pieces.
You take 30 damage, and have 51/87 hp.
MASSIVE DAMAGE!!
The barbs in your skin will harm you if you move.
Continue?
Okay, then.
Fire: u) +5 longbow (flame)
Press: ? - help, Q - select action, (/) - cycle Shift-Dir - straight line, f/p - slime creature
Aim: a slime creature (almost dead, 88% to hit)
You shoot an arrow. The arrow hits the slime creature.
The arrow burns the slime creature.
The slime creature barely misses you.
The boulder beetle bites you but does no damage.
The boulder beetle bites you! The slime creature hits you.
You take 13 damage, and have 38/87 hp.
Fire: u) +5 longbow (flame)
Press: ? - help, Q - select action, (/) - cycle Shift-Dir - straight line, f/p - slime creature
Aim: a slime creature (almost dead, 88% to hit)
You shoot an arrow.
The arrow barely misses the slime creature.
The boulder beetle completely misses you.
The slime creature misses you.
Two slime creatures merge to form a large slime creature.
Fire: u) +5 longbow (flame)
Press: ? - help, Q - select action, (/) - cycle Shift-Dir - straight line, f/p - large slime creature
Aim: a large slime creature (heavily wounded, 88% to hit)
You shoot an arrow.
The arrow hits the large slime creature!
The arrow burns the large slime creature.
The boulder beetle bites you!
Two slime creatures merge to form a very large slime creature.
Fire: u) +5 longbow (flame)
Press: ? - help, Q - select action, (/) - cycle Shift-Dir - straight line, f/p - very large slime creature
Aim: a very large slime creature (moderately wounded, 88% to hit)
You shoot an arrow.
The arrow hits the very large slime creature!!
The arrow burns the very large slime creature!
The manticore barely misses you. The manticore closely misses you.
The manticore claws you.
* * * LOW HITPOINT WARNING * * *
The boulder beetle closely misses you.
A very large slime creature splits.
You take 15 damage, and have 23/87 hp.
Fire: u) +5 longbow (flame)
Press: ? - help, Q - select action, (/) - cycle Shift-Dir - straight line, f/p - large slime creature
Aim: a large slime creature (heavily wounded, 88% to hit)
You shoot an arrow.
The arrow hits the large slime creature!
The arrow burns the large slime creature.
You carefully extract the barbed spikes from your body.
The manticore closely misses you. x2; The manticore claws you.
* * * LOW HITPOINT WARNING * * *
The boulder beetle bites you but does no damage.
The large slime creature barely misses you.
The slime creature hits you!
* * * LOW HITPOINT WARNING * * *
You take 15 damage, and have 8/87 hp.
Fire: u) +5 longbow (flame)
Press: ? - help, Q - select action, (/) - cycle Shift-Dir - straight line, f/p - large slime creature
Aim: a large slime creature (severely wounded, 88% to hit)
You shoot an arrow.
The arrow hits the large slime creature!
The arrow burns the large slime creature!
The manticore closely misses you. The manticore completely misses you.
The manticore claws you!
* * * LOW HITPOINT WARNING * * *
The boulder beetle leaps!
A large slime creature splits.
The slime creature hits you!
You die...

.......≈≈≈≈≈..°+,,,,,,,,,**~~~~~~
.......≈≈≈≈....#'*'*'*,*'**,,~,,,
##......≈.....$#,*,*,*,*,**,,,,,,
#.#...........#∆*,*∆*,*,*,,,,,,,
#.............#########**,,,,,,,
##.........B............,,,,,,,,,
.........##.....T.......,,,,,,**,
.........##....JJH......,,,,,,***
##.##.##...####J@...#...,,*****
##.##.####...####.###*##***
##.##.# ###...#*.# ##.#..#
*##....#*** .....## **,....∆,**
..###* **,,,...,,,** ###
*,,,,,...,,,* *,,,,,...,,,*
*,,,,,,,,,,,*


You could see a boulder beetle, 3 slime creatures, a manticore and a troll.

Vanquished Creatures
  Erolcha (D:10)
  A two-headed ogre (D:10)
  2 deep elf pyromancers (D:9)
  A gargoyle (D:10)
  An unseen horror (D:9)
  4 trolls
  A hornet (D:7)
  Sigmund (D:5)
  A shadow (D:10)
  A slime creature (D:12)
  9 yaks
  2 wraiths (D:11)
  2 vampires
  2 wyverns
  Eustachio (D:5)
  A steam dragon (D:7)
  3 vampire mosquitoes
  Duvessa (D:6)
  3 black bears
  3 orc warriors
  The ghost of cheechan the Ruffian, an amateur VSCK of Xom (D:5)
  3 ogres
  2 centaurs
  2 phantoms (D:5)
  4 kobold brigands
  3 bullfrogs
  3 scorpions
  7 wights
  Dowan (D:6)
  16 killer bees
  3 howler monkeys (D:9)
  6 hounds
  12 orc priests
  3 jellies
  3 gnoll boudas
  An iguana (D:7)
  13 orc wizards
  3 mummies (Ossuary)
  12 gnolls
  8 adders
  A white imp (D:8)
  4 ufetubi
  An adder zombie (Ossuary)
  4 worms
  4 dart slugs
  37 orcs
  2 bats
  4 endoplasms
  4 giant cockroaches
  2 gnoll zombies (Ossuary)
  4 goblins
  6 hobgoblins
  7 jackals
  24 kobolds
  5 quokkas
  8 ball pythons
  5 frilled lizards
  A goblin zombie (Ossuary)
  3 hobgoblin zombies (Ossuary)
  4 kobold zombies (Ossuary)
  An orc zombie (Ossuary)
  3 quokka zombies (Ossuary)
  2 rats
  3 rat zombies (Ossuary)
286 creatures vanquished.

Vanquished Creatures (others)
  A howler monkey (D:9)
1 creature vanquished.

Grand Total: 287 creatures vanquished

Notes
Turn   | Place    | Note
-------+----------+-------------------------------------------
     0 | D:1      | IndexError the Gnoll Hunter began the quest for the Orb.
     0 | D:1      | Reached XP level 1. HP: 20/20 MP: 1/1
   105 | D:1      | Found a faded altar of an unknown god.
   115 | D:1      | Prayed at the altar of an unknown god.
   115 | D:1      | Became a worshipper of Warmaster Okawaru
   115 | D:1      | Reached * piety under Okawaru
   315 | D:1      | Reached XP level 2. HP: 26/26 MP: 2/2
   508 | D:1      | Reached XP level 3. HP: 31/31 MP: 3/3
   866 | D:2      | Found a shadowy altar of Dithmenos.
   902 | D:2      | Reached skill level 1 in Invocations
  1034 | D:2      | Reached skill level 1 in Short Blades
  1034 | D:2      | Reached skill level 1 in Long Blades
  1034 | D:2      | Reached skill level 1 in Axes
  1034 | D:2      | Reached skill level 1 in Maces & Flails
  1034 | D:2      | Reached skill level 1 in Polearms
  1034 | D:2      | Reached skill level 1 in Staves
  1034 | D:2      | Reached skill level 1 in Throwing
  1034 | D:2      | Reached skill level 1 in Armour
  1034 | D:2      | Reached skill level 1 in Shields
  1034 | D:2      | Reached skill level 1 in Unarmed Combat
  1034 | D:2      | Reached skill level 1 in Spellcasting
  1034 | D:2      | Reached skill level 1 in Evocations
  1426 | D:3      | Reached XP level 4. HP: 37/38 MP: 5/5
  1516 | D:2      | Reached skill level 1 in Conjurations
  1516 | D:2      | Reached skill level 1 in Hexes
  1516 | D:2      | Reached skill level 1 in Summonings
  1516 | D:2      | Reached skill level 1 in Necromancy
  1516 | D:2      | Reached skill level 1 in Translocations
  1516 | D:2      | Reached skill level 1 in Transmutations
  1516 | D:2      | Reached skill level 1 in Fire Magic
  1516 | D:2      | Reached skill level 1 in Ice Magic
  1516 | D:2      | Reached skill level 1 in Air Magic
  1516 | D:2      | Reached skill level 1 in Earth Magic
  1516 | D:2      | Reached skill level 1 in Poison Magic
  1704 | D:3      | Reached XP level 5. HP: 21/43 MP: 3/7
  1711 | D:3      | HP: 7/43 [orc priest/+0 dagger (4)]
  1961 | D:3      | Reached skill level 2 in Invocations
  2323 | D:4      | Reached ** piety under Okawaru
  2324 | D:4      | Reached skill level 3 in Stealth
  2324 | D:4      | Reached XP level 6. HP: 50/50 MP: 8/8
  2331 | D:4      | Reached skill level 5 in Fighting
  2331 | D:4      | Reached skill level 2 in Short Blades
  2331 | D:4      | Reached skill level 2 in Long Blades
  2331 | D:4      | Reached skill level 2 in Axes
  2331 | D:4      | Reached skill level 2 in Maces & Flails
  2331 | D:4      | Reached skill level 2 in Polearms
  2331 | D:4      | Reached skill level 2 in Staves
  2331 | D:4      | Reached skill level 2 in Throwing
  2331 | D:4      | Reached skill level 2 in Armour
  2331 | D:4      | Reached skill level 5 in Dodging
  2331 | D:4      | Reached skill level 2 in Shields
  2331 | D:4      | Reached skill level 2 in Unarmed Combat
  2331 | D:4      | Reached skill level 2 in Spellcasting
  2331 | D:4      | Reached skill level 2 in Evocations
  2421 | D:4      | Found a sand-covered staircase.
  2426 | Ossuary  | Entered an ossuary
  3065 | D:4      | Reached XP level 7. HP: 40/56 MP: 10/10
  3175 | D:4      | Reached skill level 2 in Conjurations
  3175 | D:4      | Reached skill level 2 in Hexes
  3175 | D:4      | Reached skill level 2 in Summonings
  3175 | D:4      | Reached skill level 2 in Necromancy
  3175 | D:4      | Reached skill level 2 in Translocations
  3175 | D:4      | Reached skill level 2 in Transmutations
  3175 | D:4      | Reached skill level 2 in Fire Magic
  3175 | D:4      | Reached skill level 2 in Ice Magic
  3175 | D:4      | Reached skill level 2 in Air Magic
  3175 | D:4      | Reached skill level 2 in Earth Magic
  3175 | D:4      | Reached skill level 2 in Poison Magic
  3319 | D:5      | Entered Level 5 of the Dungeon
  3359 | D:5      | Reached skill level 9 in Ranged Weapons
  3359 | D:5      | Reached skill level 3 in Invocations
  3397 | D:5      | Noticed Sigmund
  3408 | D:5      | Killed Sigmund
  3409 | D:5      | Reached skill level 3 in Short Blades
  3409 | D:5      | Reached skill level 3 in Long Blades
  3409 | D:5      | Reached skill level 3 in Axes
  3409 | D:5      | Reached skill level 3 in Maces & Flails
  3409 | D:5      | Reached skill level 3 in Polearms
  3409 | D:5      | Reached skill level 3 in Staves
  3409 | D:5      | Reached skill level 3 in Throwing
  3409 | D:5      | Reached skill level 3 in Armour
  3409 | D:5      | Reached skill level 3 in Shields
  3409 | D:5      | Reached skill level 3 in Unarmed Combat
  3409 | D:5      | Reached skill level 3 in Spellcasting
  3409 | D:5      | Reached skill level 3 in Evocations
  3486 | D:5      | Reached XP level 8. HP: 63/63 MP: 12/12
  3543 | D:5      | Found a transporter.
  3544 | D:5      | Noticed cheechan's ghost (amateur VSCK)
  3545 | D:5      | Found a transporter.
  3545 | D:5      | Identified the +0 dire flail "Mekhir" {spect, SInv}
  3648 | D:5      | Found a shimmering altar of Xom.
  3652 | D:5      | Found a bloodstained altar of Trog.
  3653 | D:5      | Found a shimmering blue altar of Sif Muna.
  3654 | D:5      | Found an iron altar of Okawaru.
  3654 | D:5      | Found a blossoming altar of Fedhas.
  3654 | D:5      | Found a sparkling altar of Nemelex Xobeh.
  3654 | D:5      | Found a glowing golden altar of the Shining One.
  3655 | D:5      | Found a hazy altar of Hepliaklqana.
  3657 | D:5      | Found an ornate altar of the Wu Jian Council.
  3659 | D:5      | Found a hide-covered altar of Uskayaw.
  3708 | D:5      | Reached skill level 4 in Stealth
  3920 | D:5      | Got the Folio of Enchanted Talus
  4002 | D:5      | Reached *** piety under Okawaru
  4509 | D:5      | Noticed Eustachio
  4527 | D:5      | Killed Eustachio
  4528 | D:5      | Reached skill level 3 in Conjurations
  4528 | D:5      | Reached skill level 3 in Hexes
  4528 | D:5      | Reached skill level 3 in Summonings
  4528 | D:5      | Reached skill level 3 in Necromancy
  4528 | D:5      | Reached skill level 3 in Translocations
  4528 | D:5      | Reached skill level 3 in Transmutations
  4528 | D:5      | Reached skill level 3 in Fire Magic
  4528 | D:5      | Reached skill level 3 in Ice Magic
  4528 | D:5      | Reached skill level 3 in Air Magic
  4528 | D:5      | Reached skill level 3 in Earth Magic
  4528 | D:5      | Reached skill level 3 in Poison Magic
  4528 | D:5      | Reached skill level 4 in Invocations
  4532 | D:5      | Reached skill level 6 in Fighting
  4532 | D:5      | Reached skill level 6 in Dodging
  4748 | D:5      | Upgraded the game from 0.31-a0-36-g603a1083af to
                  | 0.31-a0-37-g98a128e1d9
  4815 | D:5      | Killed cheechan's ghost
  4826 | D:5      | Reached XP level 9. HP: 44/69 MP: 14/14
  4832 | D:5      | Reached skill level 4 in Short Blades
  4832 | D:5      | Reached skill level 4 in Long Blades
  4832 | D:5      | Reached skill level 4 in Axes
  4832 | D:5      | Reached skill level 4 in Maces & Flails
  4832 | D:5      | Reached skill level 4 in Polearms
  4832 | D:5      | Reached skill level 4 in Staves
  4832 | D:5      | Reached skill level 4 in Throwing
  4832 | D:5      | Reached skill level 4 in Armour
  4832 | D:5      | Reached skill level 4 in Shields
  4832 | D:5      | Reached skill level 4 in Unarmed Combat
  4832 | D:5      | Reached skill level 4 in Spellcasting
  4832 | D:5      | Reached skill level 4 in Evocations
  5046 | D:6      | Noticed Duvessa
  5046 | D:6      | Noticed Dowan
  5057 | D:6      | Killed Duvessa
  5066 | D:6      | Killed Dowan
  5268 | D:6      | Reached skill level 5 in Stealth
  5558 | D:6      | Found a staircase to the Ecumenical Temple.
  5610 | D:6      | Reached skill level 5 in Invocations
  5755 | D:6      | Reached skill level 4 in Fire Magic
  6059 | D:7      | Received a gift from Okawaru
  6386 | D:7      | Noticed a hornet
  6395 | D:7      | Killed a hornet
  6396 | D:7      | Reached skill level 4 in Conjurations
  6396 | D:7      | Reached skill level 4 in Hexes
  6396 | D:7      | Reached skill level 4 in Summonings
  6396 | D:7      | Reached skill level 4 in Necromancy
  6396 | D:7      | Reached skill level 4 in Translocations
  6396 | D:7      | Reached skill level 4 in Transmutations
  6396 | D:7      | Reached skill level 4 in Ice Magic
  6396 | D:7      | Reached skill level 4 in Air Magic
  6396 | D:7      | Reached skill level 4 in Earth Magic
  6396 | D:7      | Reached skill level 4 in Poison Magic
  6654 | D:7      | Found Piuf's Assorted Antiques.
  6662 | D:7      | Bought a sparkling steel amulet for 130 gold pieces
  6662 | D:7      | Identified the amulet "Jurrahom" {RegenMP rElec rC- SInv}
                  | (You bought it in a shop on level 7 of the Dungeon)
  6662 | D:7      | Bought a glowing longbow for 247 gold pieces
  6662 | D:7      | Bought a scroll labelled MUHUOW PATS for 26 gold pieces
  6734 | D:7      | Found a runed translucent gate.
  6734 | D:7      | Found a runed translucent gate.
  6736 | D:7      | Found a runed translucent gate.
  6736 | D:7      | Noticed artmatt's ghost (novice VSFi)
  6836 | D:7      | Reached skill level 5 in Short Blades
  6836 | D:7      | Reached skill level 5 in Long Blades
  6836 | D:7      | Reached skill level 5 in Axes
  6836 | D:7      | Reached skill level 5 in Maces & Flails
  6836 | D:7      | Reached skill level 5 in Polearms
  6836 | D:7      | Reached skill level 5 in Staves
  6836 | D:7      | Reached skill level 5 in Throwing
  6836 | D:7      | Reached skill level 5 in Armour
  6836 | D:7      | Reached skill level 5 in Shields
  6836 | D:7      | Reached skill level 5 in Unarmed Combat
  6836 | D:7      | Reached skill level 5 in Spellcasting
  6836 | D:7      | Reached skill level 5 in Evocations
  6836 | D:7      | Reached XP level 10. HP: 70/77 MP: 17/17
  6899 | D:7      | Reached skill level 10 in Ranged Weapons
  7433 | D:8      | Reached skill level 7 in Fighting
  7433 | D:8      | Reached skill level 7 in Dodging
  7532 | D:8      | Found a staircase to the Lair.
  7994 | D:8      | Found a broken altar of Ashenzari.
  8208 | D:8      | Reached skill level 5 in Fire Magic
  8633 | D:9      | Noticed an unseen horror
  8640 | D:9      | Killed an unseen horror
  8691 | D:8      | HP: 19/79 [poisoned by a killer bee]
  8692 | D:8      | Reached skill level 6 in Stealth
  8696 | D:8      | HP: 13/79 [poisoned by a killer bee]
  8915 | D:8      | Reached skill level 6 in Invocations
  9154 | D:9      | Reached **** piety under Okawaru
  9195 | D:9      | HP: 16/79 [orc warrior/+0 flail (6)]
  9195 | D:9      | HP: 2/79 [orc priest/divine providence (14)]
  9952 | D:9      | Noticed a deep elf pyromancer
 10275 | D:9      | Noticed a deep elf pyromancer
 10285 | D:9      | Killed a deep elf pyromancer
 10362 | D:9      | Killed a deep elf pyromancer
 10363 | D:9      | Reached skill level 6 in Short Blades
 10363 | D:9      | Reached skill level 6 in Long Blades
 10363 | D:9      | Reached skill level 6 in Axes
 10363 | D:9      | Reached skill level 6 in Maces & Flails
 10363 | D:9      | Reached skill level 6 in Polearms
 10363 | D:9      | Reached skill level 6 in Staves
 10363 | D:9      | Reached skill level 6 in Throwing
 10363 | D:9      | Reached skill level 6 in Armour
 10363 | D:9      | Reached skill level 6 in Shields
 10363 | D:9      | Reached skill level 6 in Unarmed Combat
 10363 | D:9      | Reached skill level 6 in Spellcasting
 10363 | D:9      | Reached skill level 6 in Fire Magic
 10363 | D:9      | Reached skill level 6 in Evocations
 10756 | D:10     | Entered Level 10 of the Dungeon
 10833 | D:10     | Found a transporter.
 10854 | D:10     | Reached skill level 5 in Conjurations
 10854 | D:10     | Reached skill level 5 in Hexes
 10854 | D:10     | Reached skill level 5 in Summonings
 10854 | D:10     | Reached skill level 5 in Necromancy
 10854 | D:10     | Reached skill level 5 in Translocations
 10854 | D:10     | Reached skill level 5 in Transmutations
 10854 | D:10     | Reached skill level 5 in Ice Magic
 10854 | D:10     | Reached skill level 5 in Air Magic
 10854 | D:10     | Reached skill level 5 in Earth Magic
 10854 | D:10     | Reached skill level 5 in Poison Magic
 10857 | D:10     | Reached XP level 11. HP: 85/85 MP: 20/20
 10986 | D:10     | Noticed Erolcha
 10994 | D:10     | HP: 16/85 [Erolcha/+0 giant club (28)]
 10995 | D:10     | Killed Erolcha
 10995 | D:10     | Reached ***** piety under Okawaru
 10995 | D:10     | Received a gift from Okawaru
 11373 | D:10     | Noticed a two-headed ogre
 11382 | D:10     | Killed a two-headed ogre
 11383 | D:10     | Reached skill level 7 in Invocations
 11394 | D:10     | Noticed a skeletal warrior
 11395 | D:10     | Noticed a tengu warrior
 11396 | D:10     | Noticed a five-headed hydra
 11396 | D:10     | Noticed Gilette's ghost (novice TrBe)
 11397 | D:10     | Noticed a two-headed ogre
 11599 | D:10     | Reached skill level 8 in Fighting
 11599 | D:10     | Reached skill level 8 in Dodging
 11607 | D:10     | Identified the +2 hat "Veskaz" {Dex+4} (Okawaru gifted it
                  | to you on level 10 of the Dungeon)
 11607 | D:10     | Received a gift from Okawaru
 11616 | D:10     | HP: 17/86 [yak (9)]
 11617 | D:10     | HP: 7/86 [yak (10)]
 11861 | D:10     | Found a transporter.
 11882 | D:10     | Reached skill level 7 in Stealth
 12636 | D:10     | Identified a scroll of acquirement
 12687 | D:11     | Reached skill level 7 in Fire Magic
 12777 | D:11     | Found a staircase to the Orcish Mines.
 13565 | D:12     | Noticed a boulder beetle
 13705 | D:12     | Noticed a manticore
 13708 | D:12     | Reached skill level 11 in Ranged Weapons
 13720 | D:12     | HP: 17/87 [manticore (6)]
 13720 | D:12     | HP: 8/87 [slime creature (9)]
 13721 | D:12     | HP: 2/87 [manticore (7)]
 13721 | D:12     | Mangled by a slime creature

Illustrated notes

Levels and vault maps discovered:
D:1:      dpeg_arrival_stone_temple_mockup, layout_basic,
          hellmonk_ecumenical_altar_lost_god
D:2:      layout_basic, basic_altar
D:3:      minmay_spotlight, layout_basic
D:4:      layout_gridville, enter_ossuary_5
D:5:      layout_layer_cave, minitemple, gammafunk_ghost_smash, uniq_sigmund,
          uniq_eustachio
D:6:      layout_loops_cross, minmay_temple_entry_tees, nicolae_titane,
          uniq_duvessa
D:7:      layout_loops_corners, gammafunk_ghost_necromancy, serial_shops, shop,
          solitary_fountain
D:8:      layout_basic, cheibrodos_ashenzari_chains, lair_entry_dummy
D:9:      layout_layer_cave
D:10:     layout_layer_cave, gammafunk_ghost_arena, uniq_erolcha
D:11:     layout_small_grid, orc_0_dummy
D:12:     argonaut_augean_stables, layout_rooms, serial_shops,
          nicolae_shop_gaudy_bauble, portal_ice_cave_entry_pillars_1,
          the_hattery

Skill      XL: |  1  2  3  4  5  6  7  8  9 10 11 |
---------------+----------------------------------+-----
Invocations    | 1 2 3 4 5 6 7 |  7.5
Short Blades   | 1 2 3 5 6 |  6.9
Long Blades    | 1 2 3 5 6 |  6.9
Axes           | 1 2 3 5 6 |  6.9
Maces & Flails | 1 2 3 5 6 |  6.9
Polearms       | 1 2 3 5 6 |  6.9
Staves         | 1 2 3 5 6 |  6.9
Throwing       | 1 2 3 5 6 |  6.9
Armour         | 1 2 3 5 6 |  6.9
Shields        | 1 2 3 5 6 |  6.9
Unarmed Combat | 1 2 3 5 6 |  6.9
Spellcasting   | 1 2 3 5 6 |  6.9
Evocations     | 1 2 3 5 6 |  6.9
Conjurations   | 1 2 3 4 5 |  5.7
Hexes          | 1 2 3 4 5 |  5.7
Summonings     | 1 2 3 4 5 |  5.7
Necromancy     | 1 2 3 4 5 |  5.7
Translocations | 1 2 3 4 5 |  5.7
Transmutations | 1 2 3 4 5 |  5.7
Fire Magic     | 1 2 3 4 6 7 |  7.3
Ice Magic      | 1 2 3 4 5 |  5.7
Air Magic      | 1 2 3 4 5 |  5.7
Earth Magic    | 1 2 3 4 5 |  5.7
Poison Magic   | 1 2 3 4 5 |  5.7
Stealth        | 3 4 5 6 7 |  7.3
Fighting       | 5 6 7 8 |  8.3
Dodging        | 5 6 7 8 |  8.3
Ranged Weapons | 9 10 11 | 11.0

Action                     |  1- 3 |  4- 6 |  7- 9 | 10-12 || total
---------------------------+-------+-------+-------+-------++-------
   Fire: Shortbow          |   102 |   251 |   357 |       ||   710
         Longbow           |       |       |    12 |   362 ||   374
 Invoke: Heroism           |       |     2 |     9 |     1 ||    12
    Use: Scroll            |       |       |    16 |    11 ||    27
         Potion            |       |       |       |     2 ||     2
 Armour: Leather armour    |    14 |    17 |    46 |    45 ||   122
  Dodge: Dodged            |    49 |    71 |   190 |   201 ||   511

Table legend: (Time is in decaauts)
 A = Elapsed time spent in this place.
 B = Non-inter-level travel time spent in this place.
 C = Inter-level travel time spent in this place.
 D = Time resting spent in this place.
 E = Time spent auto-exploring this place.
 F = Levels seen in this place.
 G = Mean time per level.
                   A        B        C        D        E       F      G
               +--------+--------+--------+--------+--------+-----+--------+
         Total |  13793 |  12791 |   1002 |    262 |  10590 |  13 | 1061.0 |
       Dungeon |  13487 |  12485 |   1002 |    262 |  10410 |  12 | 1123.9 |
       Ossuary |    305 |    305 |      0 |      0 |    180 |   1 |  305.0 |
               +--------+--------+--------+--------+--------+-----+--------+

Top non-repeatable levels by time:
     D:8: 2002 daAuts
    D:10: 1958 daAuts
     D:5: 1669 daAuts
     D:9: 1479 daAuts
     D:7: 1425 daAuts
     D:6: 916 daAuts
     D:3: 862 daAuts
    D:11: 811 daAuts
     D:1: 803 daAuts
     D:4: 727 daAuts
     D:2: 674 daAuts
 Ossuary: 305 daAuts
    D:12: 158 daAuts

Levels and vault maps discovered:
D:1:      dpeg_arrival_stone_temple_mockup, layout_basic,
          hellmonk_ecumenical_altar_lost_god
D:2:      layout_basic, basic_altar
D:3:      minmay_spotlight, layout_basic
D:4:      layout_gridville, enter_ossuary_5
D:5:      layout_layer_cave, minitemple, gammafunk_ghost_smash, uniq_sigmund,
          uniq_eustachio
D:6:      layout_loops_cross, minmay_temple_entry_tees, nicolae_titane,
          uniq_duvessa
D:7:      layout_loops_corners, gammafunk_ghost_necromancy, serial_shops, shop,
          solitary_fountain
D:8:      layout_basic, cheibrodos_ashenzari_chains, lair_entry_dummy
D:9:      layout_layer_cave
D:10:     layout_layer_cave, gammafunk_ghost_arena, uniq_erolcha
D:11:     layout_small_grid, orc_0_dummy
D:12:     argonaut_augean_stables, layout_rooms, serial_shops,
          nicolae_shop_gaudy_bauble, portal_ice_cave_entry_pillars_1,
          the_hattery

Table legend: (Time is in decaauts)
 A = Elapsed time spent in this place.
 B = Non-inter-level travel time spent in this place.
 C = Inter-level travel time spent in this place.
 D = Time resting spent in this place.
 E = Time spent auto-exploring this place.
 F = Levels seen in this place.
 G = Mean time per level.
                   A        B        C        D        E       F      G
               +--------+--------+--------+--------+--------+-----+--------+
         Total |  13793 |  12791 |   1002 |    262 |  10590 |  13 | 1061.0 |
       Dungeon |  13487 |  12485 |   1002 |    262 |  10410 |  12 | 1123.9 |
       Ossuary |    305 |    305 |      0 |      0 |    180 |   1 |  305.0 |
               +--------+--------+--------+--------+--------+-----+--------+

Top non-repeatable levels by time:
     D:8: 2002 daAuts
    D:10: 1958 daAuts
     D:5: 1669 daAuts
     D:9: 1479 daAuts
     D:7: 1425 daAuts
     D:6: 916 daAuts
     D:3: 862 daAuts
    D:11: 811 daAuts
     D:1: 803 daAuts
     D:4: 727 daAuts
     D:2: 674 daAuts
 Ossuary: 305 daAuts
    D:12: 158 daAuts

Table legend:
 A = Kills in this place as a percentage of kills in the entire game.
 B = Kills by you in this place as a percentage of kills by you in the entire game.
 C = Kills by friends in this place as a percentage of kills by friends in the entire game.
 D = Other kills in this place as a percentage of other kills in the entire game.
 E = Experience gained in this place as a percentage of experience gained in the entire game.
 F = Experience gained in this place divided by the number of levels of this place that you have seen.
                   A       B       C       D       E      F
               +-------+-------+-------+-------+-------+----------------------
         Total | 100.0 | 100.0 |   N/A |   N/A | 100.0 | 1276.4
       Dungeon |  92.7 |  92.7 |   N/A |   N/A |  99.5 | 1376.4
       Ossuary |   7.3 |   7.3 |   N/A |   N/A |   0.5 |  76.0
               +-------+-------+-------+-------+-------+----------------------
